 Dungeon Crawl Stone Soup version 0.32-a0-868-g153ae1a8d6 (webtiles) character file.

Game seed: 14202854273987791495

445 pokeman the Magician (level 6, -3/35 HPs)
             Began as a Deep Elf Hedge Wizard on Mar 28, 2024.
             Killed from afar by an orc wizard (6 damage)
             ... with a magic dart
             ... on level 4 of the Dungeon.
             The game lasted 00:06:40 (3227 turns).

pokeman the Magician (Deep Elf Hedge Wizard)        Turns: 3227, Time: 00:06:41

Health: -3/35      AC:  2    Str:  7    XL:     6   Next: 72%
Magic:  3/18       EV: 12    Int: 24    God:
Gold:   167        SH:  0    Dex: 14    Spells: 11/19 levels left

rFire   . . .        k - +1 sling "Plog" {heavy, rN+ Int+3}
rCold   . . .        (no shield)
rNeg    + . .        b - +0 robe
rPois   .            c - +0 hat
rElec   .            (no cloak)
rCorr   .            (no gloves)
SInv    .            (no boots)
Will    .....        (no amulet)
Stlth   ++           (no ring)
HPRegen 0.25/turn    (no ring)
MPRegen 0.16/turn

%: no passive effects
@: no status effects
A: no striking features
a: no special abilities


You were on level 4 of the Dungeon.
You visited 1 branch of the dungeon, and saw 4 of its levels.

You collected 167 gold pieces.

Inventory:

Hand Weapons
 k - the +1 sling "Plog" (weapon) {heavy, rN+ Int+3}
   (You found it on level 2 of the Dungeon)

   Int+3:     It affects your intelligence (+3).
   rN+:       It protects you from negative energy.
Armour
 b - a +0 robe (worn)
 c - a +0 hat (worn)
Scrolls
 f - 2 scrolls of teleportation {unknown}
 g - a scroll of poison {unknown}
 i - a scroll of silence {unknown}
 j - a scroll of noise {unknown}
 n - 2 scrolls of identify {unknown}
Potions
 a - a potion of invisibility {unknown}
 d - 3 potions of magic
 e - 2 potions of resistance {unknown}
 h - a potion of degeneration {unknown}
 l - a potion of curing {unknown}
 m - a potion of mutation {unknown}
 o - a potion of haste {unknown}
 p - a potion of enlightenment {unknown}


   Skills:
 + Level 1.7 Fighting
 - Level 1.7 Armour
 - Level 3.0 Dodging
 - Level 3.0 Stealth
 * Level 7.3 Spellcasting
 + Level 3.5 Conjurations
 - Level 1.1 Summonings
 - Level 1.1 Translocations
 - Level 1.1 Air Magic
 - Level 1.0 Alchemy


You had 11 spell levels left.
You knew the following spells:

 Your Spells              Type           Power      Damage    Failure   Level
a - Magic Dart            Conj           100%       1d8       1%          1
b - Mephitic Cloud        Conj/Alch/Air  17%        N/A       10%         3
c - Call Imp              Summ           28%        N/A       7%          2
d - Blink                 Tloc           28%        N/A       7%          2

Your spell library contained the following spells:

 Spells                   Type           Power      Damage    Failure   Level
 Sting                    Conj/Alch      76%        1d7       2%          1
 Slow                     Hex            32%        N/A       7%          1
 Mercury Vapours          Alch/Air       26%        N/A       7%          2
 Cigotuvi's Dreadful Rot  Necr/Alch/Air  24%        N/A       8%          2
 Olgreb's Toxic Radiance  Alch           13%        N/A       43%         4


Dungeon Overview and Level Annotations

Branches:
Dungeon (4/15)
 Temple: D:4-7

Altars:
Xom

Annotations:
D:3 2 runed translucent doors, seawaffle's ghost, amateur DrSh


Message History

* * * LOW HITPOINT WARNING * * *
Unknown command.
Casting: Mephitic Cloud (quite dangerous; 10% risk of failure)
Confirm with . or Enter, or press ? or * to list all spells.
You blink.
Unknown command.
Casting: Blink (safe; 7% risk of failure)
Confirm with . or Enter, or press ? or * to list all spells.
Aiming: Mephitic Cloud (quite dangerous; 10% risk of failure)
Press: ? - help, Shift-Dir - straight line, p - orc priest The ball explodes into a vile cloud!
The stinking cloud engulfs the orc priest.
The stinking cloud engulfs something. x2
The orc priest threatens, "Beogh's wrath is as vast as their mercy.
Make your choice!"
The orc priest shouts, "Surrender to Beogh and we'll let you live!"
Unknown command.
The ogre seems less confused.
The orc priest is engulfed in noxious fumes.
The orc priest appears confused.
The orc priest is engulfed in noxious fumes.
The orc priest appears confused.
The orc closely misses something.
Casting: Mephitic Cloud (quite dangerous; 10% risk of failure)
Confirm with . or Enter, or press ? or * to list all spells.
Okay, then.
Unknown command.
You feel ready to blink again. The orc attacks as it pursues you!
The orc hits you with a +0 whip.
* * * LOW HITPOINT WARNING * * *
Something hits you but does no damage.
Your magical contamination has completely faded away.
Something hits you.
* * * LOW HITPOINT WARNING * * *
You see here a dart slug corpse.
The ogre is engulfed in noxious fumes.
The ogre appears confused.
The ogre mumbles something.
You hear a shout!
A ribbon worm comes into view.
A magic dart appears from out of thin air!
The magic dart hits you.
You die...

####### ##.##..####
#.........# ##...@.....#
##..#.....w.#
#..#{...(....#
##..o.........#
#.†#..........#
##########..#...........#
..(......).###..........#
...........###..........
.....O......###........


You could see a ribbon worm (wandering) and an orc.

Vanquished Creatures
  Sigmund (D:2)
  A bombardier beetle (D:3)
  An orc priest (D:4)
  Jessica (D:2)
  Natasha (thrice) (D:2)
  4 gnolls
  2 adders (D:2)
  2 dart slugs
  3 ribbon worms (D:3)
  An orc (D:4)
  6 ball pythons
  6 bats
  5 endoplasms
  2 giant cockroaches
  5 goblins
  5 hobgoblins
  3 jackals (D:1)
  3 kobolds
  3 quokkas
  2 frilled lizards
  4 rats
63 creatures vanquished.

Notes
Turn   | Place    | Note
-------+----------+-------------------------------------------
     0 | D:1      | pokeman the Deep Elf Hedge Wizard began the quest for the
                  | Orb.
     0 | D:1      | Reached XP level 1. HP: 10/10 MP: 7/7
   538 | D:1      | Reached XP level 2. HP: 16/16 MP: 5/9
   803 | D:1      | Reached skill level 5 in Spellcasting
   986 | D:1      | Reached XP level 3. HP: 20/20 MP: 8/11
   990 | D:1      | Learned a level 3 spell: Mephitic Cloud
   993 | D:1      | Learned a level 2 spell: Call Imp
   996 | D:1      | Learned a level 2 spell: Blink
  1363 | D:2      | Noticed Sigmund
  1389 | D:2      | Killed Sigmund
  1390 | D:2      | Reached skill level 1 in Fighting
  1390 | D:2      | Reached skill level 1 in Armour
  1390 | D:2      | Reached skill level 6 in Spellcasting
  1390 | D:2      | Reached XP level 4. HP: 15/26 MP: 5/14
  1390 | D:2      | Reached XP level 5. HP: 17/30 MP: 5/15
  1471 | D:2      | Identified the +1 sling "Plog" {heavy, rN+ Int+3}
  1764 | D:2      | Noticed Jessica
  1768 | D:2      | Killed Jessica
  1829 | D:2      | Noticed Natasha
  1835 | D:2      | Killed Natasha
  1837 | D:2      | Noticed Natasha
  1848 | D:2      | Killed Natasha
  1849 | D:2      | Reached XP level 6. HP: 12/35 MP: 13/17
  1861 | D:2      | Noticed Natasha
  1866 | D:2      | Killed Natasha
  2626 | D:3      | Found a faded altar of an unknown god.
  2662 | D:3      | Found a runed translucent door.
  2663 | D:3      | Noticed seawaffle's ghost (amateur DrSh)
  2689 | D:3      | Reached skill level 7 in Spellcasting
  2716 | D:3      | Reached skill level 1 in Alchemy
  2836 | D:3      | Found a runed translucent door.
  2998 | D:3      | Found a shimmering altar of Xom.
  3206 | D:4      | Reached skill level 1 in Air Magic
  3227 | D:4      | Killed from afar by an orc wizard

Illustrated notes

Levels and vault maps discovered:
D:1:      matt_arrival_los_fun, layout_loops_corners,
          minmay_misc_feat_four_crosses
D:2:      layout_basic, uniq_jessica, uniq_sigmund, uniq_natasha
D:3:      layout_basic, regret_index_xom_buried_treasure,
          hellmonk_ecumenical_altar_pennies_from_heaven, ebering_ghost_sewer_f
D:4:      nicolae_cairo_tiling_very_big, layout_cave_pods

Skill      XL: |  1  2  3  4  5  6 |
---------------+-------------------+-----
Spellcasting   | 5 6 7 |  7.3
Fighting       | 1 |  1.7
Armour         | 1 |  1.7
Conjurations   | 2 3 |  3.5
Stealth        | 3 |  3.0
Dodging        | 3 |  3.0
Alchemy        | 1 |  1.0
Air Magic      | 1 |  1.1
Summonings     | |  1.1
Translocations | |  1.1

Action                     |  1- 3 |  4- 6 || total
---------------------------+-------+-------++-------
  Melee: Dagger            |    28 |       ||    28
         Sling             |       |     2 ||     2
   Fire: Sling             |       |    71 ||    71
   Cast: Magic Dart        |    59 |    33 ||    92
         Mephitic Cloud    |     2 |    12 ||    14
         Blink             |       |     2 ||     2
   Stab: Confused          |     3 |       ||     3
 Armour: Robe              |    18 |    32 ||    50
  Dodge: Dodged            |    28 |    16 ||    44

Table legend: (Time is in decaauts)
 A = Elapsed time spent in this place.
 B = Non-inter-level travel time spent in this place.
 C = Inter-level travel time spent in this place.
 D = Time resting spent in this place.
 E = Time spent auto-exploring this place.
 F = Levels seen in this place.
 G = Mean time per level.
                   A        B        C        D        E       F      G
               +--------+--------+--------+--------+--------+-----+--------+
         Total |   3306 |   3244 |     62 |      2 |   2782 |   4 |  826.5 |
       Dungeon |   3306 |   3244 |     62 |      2 |   2782 |   4 |  826.5 |
               +--------+--------+--------+--------+--------+-----+--------+

Top non-repeatable levels by time:
     D:1: 1357 daAuts
     D:2: 1192 daAuts
     D:3: 695 daAuts
     D:4: 61 daAuts
